 Dungeon Crawl Stone Soup version 0.24.0-123-gd5b16e6ec5 (webtiles) character file.

Game seed: 14882950349116510801, levelgen mode: deterministic

11321 FishyPogo the Fighter (level 11, 0/89 HPs)
             Began as a Demonspawn Gladiator on Jan 18, 2020.
             Was the Champion of Okawaru.
             Slain by a troll (8 damage)
             ... on level 11 of the Dungeon.
             The game lasted 00:26:53 (9251 turns).

FishyPogo the Fighter (Demonspawn Gladiator)        Turns: 9251, Time: 00:26:54

Health: 0/89       AC: 12    Str: 21 (23) XL:     11   Next: 47%
Magic:  0/14       EV:  9    Int: 13 (15) God:    Okawaru [******]
Gold:   559        SH: 10    Dex: 17 (20) Spells: 10/10 levels left

rFire    . . .     SeeInvis .   a - +2 war axe (elec)
rCold    + . .     Gourm    .   D - +0 shield
rNeg     . . .     Faith    +   S - +2 chain mail {rC+}
rPois    +         Spirit   +   w - +1 helmet
rElec    .         Reflect  .   G - scarf {Spirit}
rCorr    .         Harm     .   E - +0 pair of gloves
MR       .....                  (boots unavailable)
Stlth    +.........             v - amulet of faith
HPRegen  0.24/turn              g - ring of poison resistance
MPRegen  0.14/turn              P - ring of attention (curse)

@: mighty, brilliant, flying, starving
A: talons 3, thin skeletal structure 3, deformed body, demonic guardian 1, no
potion heal 1
a: Heroism, Finesse, Renounce Religion


You were on level 11 of the Dungeon.
You worshipped Okawaru.
Okawaru was exalted by your worship.
You were starving.

You visited 1 branch of the dungeon, and saw 11 of its levels.
You also visited: Sewer.

You collected 559 gold pieces.

Inventory:

Hand Weapons
 a - a +2 war axe of electrocution (weapon)
 c - a cursed -2 trident
Missiles
 d - 6 throwing nets
 j - 83 poisoned darts (quivered)
 n - 21 boomerangs
 u - 16 silver javelins
 x - 2 silver boomerangs
 y - 140 stones
 B - 12 curare-tipped darts
Armour
 q - a +0 leather armour of magic resistance
 w - a +1 helmet (worn)
 D - a +0 shield (worn)
 E - a +0 pair of gloves (worn)
 F - the +2 chain mail "Loillok" {Dex+4, unknown}
   (Okawaru gifted it to you on level 10 of the Dungeon)

   It affects your dexterity (+4).
 G - a scarf of spirit shield (worn)
 J - a +2 ring mail of fire resistance
 S - a +2 chain mail of cold resistance (worn)
Jewellery
 b - an uncursed ring of fire
 g - a ring of poison resistance (left hand)
 v - an amulet of faith (around neck)
 z - a +3 ring of evasion
 A - an uncursed amulet of the gourmand {unknown}
 P - a cursed ring of attention (right hand)
Wands
 s - a wand of paralysis (8)
 M - a wand of clouds (3)
 Q - a wand of iceblast (9)
Scrolls
 e - 7 scrolls of remove curse
 h - 8 scrolls of identify
 i - a scroll of amnesia
 k - 2 scrolls of enchant weapon
 p - 5 scrolls of teleportation
 C - 2 scrolls of fog
 I - a scroll of silence {unknown}
 K - 4 scrolls of fear {unknown}
 L - a scroll of random uselessness {unknown}
Potions
 l - 2 potions of curing
 m - 3 potions of brilliance
 o - 2 potions of magic
 t - 3 potions of flight
 N - a potion of mutation
 O - 2 potions of might
Comestibles
 f - 32 rations
 R - 26 chunks of flesh


   Skills:
 * Level 9.5 Fighting
 + Level 6.4 Axes
 - Level 5.0 Throwing
 + Level 7.3 Armour
 - Level 5.0 Dodging
 - Level 6.0 Stealth
 + Level 5.2 Shields
 + Level 4.5 Invocations
 + Level 3.2 Evocations


You had 10 spell levels left.
You didn't know any spells.
Your spell library was empty.

Dungeon Overview and Level Annotations

Branches:
Dungeon (11/15)            Temple (0/1) D:4            Lair (0/6) D:8
    Orc (0/2) D:11          Sewer (visited)

Altars:
Cheibriados
Elyvilon
Gozag
Kikubaaqudgha
Okawaru
Trog
Uskayaw
Zin
The Shining One

Shops:
D:3 *   D:4 [

Annotations:
D:3 2 transporters
D:11 Fannar


Innate Abilities, Weirdness & Mutations

You have claws for feet.
You have an unnaturally thin skeletal structure. (Dex +6, Stealth++)
A weak demonic guardian rushes to your aid.
Armour fits poorly on your strangely shaped body.
Potions are less effective at restoring your health.


Message History

Your ufetubus barely misses the troll.
Your ufetubus hits the troll. You block the ice beast's attack.
Your quasit bites the hungry ghost.
Your quasit misses the hungry ghost. x2
Fannar brushes some snowflakes from their robe.
Fannar hits you but does no damage. The hungry ghost hits you.
* * * LOW HITPOINT WARNING * * *
You are starving!
The centaur hits you but does no damage.
Unknown command.
You slice the hungry ghost!!
Lightning courses through the hungry ghost!
You destroy the hungry ghost!
Okawaru accepts your kill.
You slash the troll! You slash the ice beast!
You kill the ice beast!
You hit the centaur. Lightning courses through the centaur! You slash Fannar!
Your quasit bites the centaur.
Your quasit barely misses the centaur.
Your quasit claws the centaur but does no damage.
The troll bites you but does no damage. The troll claws you!
You die...

..#### #....)[.......
.....##....#########
#........###
###....#...######
.#########....###......(
...........############.
........[...%..... #.
......c5†.##....## ##
......e@..)..#### #
......cTc.#### #
.....5....# #
..........# #
.#....##### ##### .>.#..
#...# ...##Z #...# #. >.
+.8.. #....


You could see Fannar, a troll, 3 centaurs, a worker ant zombie, a friendly
quasit and a friendly ufetubus.

Vanquished Creatures
  Harold (D:7)
  A two-headed ogre (D:9)
  Urug (D:10)
  Sonja (D:10)
  A komodo dragon (D:11)
  A hornet (D:11)
  A hippogriff (D:7)
  Sigmund (D:6)
  2 wyverns
  A spriggan (D:7)
  6 yaks (D:11)
  3 hungry ghosts
  A soldier ant (D:10)
  A water moccasin (D:10)
  Duvessa (D:6)
  6 ice beasts
  4 sky beasts
  2 black bears
  4 orc warriors
  An eye of draining (D:9)
  6 centaurs
  A phantom (D:4)
  6 ogres
  4 big kobolds
  6 bullfrogs
  Dowan (D:6)
  A wyvern skeleton (D:11)
  2 wyvern zombies
  3 scorpions
  3 wights (D:9)
  5 howler monkeys
  2 bullfrog zombies
  7 crimson imps
  A jelly (D:7)
  4 quasits
  5 orc priests
  3 hounds
  4 bullfrog skeletons
  7 orc wizards
  6 worker ants
  4 iguanas
  2 worker ant zombies
  15 adders
  A river rat (Sewer)
  4 shadow imps
  An adder skeleton (D:8)
  4 worms
  6 dart slugs
  8 leopard geckos
  34 orcs
  2 ball pythons
  7 bats
  2 bat zombies (D:3)
  9 giant cockroaches
  8 goblins
  12 hobgoblins
  7 jackals
  21 kobolds
  A quokka (D:9)
  4 frilled lizards
  16 rats
  A rat zombie (D:3)
286 creatures vanquished.

Vanquished Creatures (collateral kills)
  A cyclops (D:10)
  A hippogriff (shapeshifter) (D:11)
  2 sky beasts
  2 bullfrogs
  3 scorpions
  A jelly (D:6)
  A bullfrog skeleton (D:6)
  An adder (D:2)
  An adder zombie (D:6)
  A leopard gecko (D:10)
  3 orcs
  A giant cockroach (D:2)
  A kobold (Sewer)
  A rat (D:2)
20 creatures vanquished.

Grand Total: 306 creatures vanquished

Notes
Turn   | Place    | Note
-------+----------+-------------------------------------------
     0 | D:1      | FishyPogo the Demonspawn Gladiator began the quest for the
                  | Orb.
     0 | D:1      | Reached XP level 1. HP: 16/16 MP: 1/1
   284 | D:1      | Gained mutation: A weak demonic guardian rushes to your
                  | aid. [demonic ancestry]
   284 | D:1      | Reached XP level 2. HP: 11/22 MP: 2/2
   591 | D:1      | Reached skill level 1 in Armour
   901 | D:1      | Gained mutation: You have a somewhat thin skeletal
                  | structure. (Dex +2, Stealth) [demonic ancestry]
   901 | D:1      | Reached XP level 3. HP: 27/28 MP: 3/3
  1591 | D:2      | Reached XP level 4. HP: 34/34 MP: 4/4
  1642 | D:2      | Reached skill level 3 in Fighting
  1812 | D:2      | Found a white marble altar of Elyvilon.
  2241 | D:3      | Reached skill level 1 in Stealth
  2314 | D:3      | Found an iron altar of Okawaru.
  2328 | D:3      | Became a worshipper of Warmaster Okawaru
  2364 | D:3      | Found a transporter.
  2400 | D:3      | Gained mutation: You have sharp toenails. [demonic
                  | ancestry]
  2400 | D:3      | Reached XP level 5. HP: 38/41 MP: 5/5
  2553 | D:3      | Found an opulent altar of Gozag.
  2570 | D:3      | Found Gozag's Platinum Reserve.
  2788 | D:3      | Found a transporter.
  2795 | D:3      | You fall into a shaft and drop 2 floors!
  2795 | D:5      | Entered Level 5 of the Dungeon
  2931 | D:5      | Reached * piety under Okawaru
  2931 | D:5      | Reached XP level 6. HP: 40/48 MP: 6/6
  2945 | D:5      | Found a snail-covered altar of Cheibriados.
  3122 | D:5      | Reached skill level 4 in Fighting
  3218 | D:5      | Found a glowing drain.
  3241 | Sewer    | Entered a sewer
  3540 | Sewer    | Found a white marble altar of Elyvilon.
  3592 | D:5      | Reached XP level 7. HP: 36/55 MP: 7/7
  3770 | D:3      | Found an ancient bone altar of Kikubaaqudgha.
  4102 | D:4      | Found a hide-covered altar of Uskayaw.
  4125 | D:4      | Found Pacad's Armour Boutique.
  4243 | D:4      | Reached ** piety under Okawaru
  4598 | D:4      | Found a staircase to the Ecumenical Temple.
  4711 | D:4      | Noticed a moth of wrath
  4714 | D:4      | Found a bloodstained altar of Trog.
  4875 | D:4      | Reached skill level 5 in Fighting
  5240 | D:5      | Found a glowing golden altar of the Shining One.
  5340 | D:6      | Noticed Dowan
  5341 | D:6      | Noticed Duvessa
  5355 | D:6      | Killed Duvessa
  5355 | D:6      | Reached *** piety under Okawaru
  5355 | D:6      | Gained mutation: You have a moderately thin skeletal
                  | structure. (Dex +4, Stealth+) [demonic ancestry]
  5355 | D:6      | Reached XP level 8. HP: 32/62 MP: 8/8
  5362 | D:6      | Killed Dowan
  5620 | D:6      | Noticed Sigmund
  5631 | D:6      | Killed Sigmund
  5631 | D:6      | Reached skill level 5 in Armour
  5714 | D:6      | Received a gift from Okawaru
  5832 | D:6      | Reached skill level 6 in Fighting
  5832 | D:6      | Reached skill level 1 in Shields
  6055 | D:7      | Noticed Harold
  6125 | D:7      | Killed Harold
  6125 | D:7      | Reached **** piety under Okawaru
  6125 | D:7      | Reached skill level 5 in Dodging
  6125 | D:7      | Gained mutation: You have razor-sharp toenails. [demonic
                  | ancestry]
  6125 | D:7      | Reached XP level 9. HP: 40/71 MP: 6/9
  6159 | D:7      | Received a gift from Okawaru
  6159 | D:7      | Reached skill level 5 in Axes
  6227 | D:7      | Reached ***** piety under Okawaru
  6241 | D:7      | Reached skill level 5 in Stealth
  6629 | D:7      | Found a glowing silver altar of Zin.
  6781 | D:7      | Reached skill level 7 in Fighting
  7173 | D:8      | Reached XP level 10. HP: 71/79 MP: 8/10
  7309 | D:8      | Found a staircase to the Lair.
  7610 | D:9      | Received a gift from Okawaru
  7715 | D:9      | Noticed a two-headed ogre
  7732 | D:9      | Killed a two-headed ogre
  7732 | D:9      | Received a gift from Okawaru
  7862 | D:9      | Reached skill level 8 in Fighting
  7875 | D:9      | Reached skill level 1 in Invocations
  8151 | D:9      | Reached skill level 1 in Evocations
  8310 | D:10     | Entered Level 10 of the Dungeon
  8421 | D:10     | Noticed Urug
  8429 | D:10     | Killed Urug
  8463 | D:10     | Reached skill level 5 in Throwing
  8540 | D:10     | Received a gift from Okawaru
  8540 | D:10     | Gained mutation: You have claws for feet. [demonic
                  | ancestry]
  8540 | D:10     | Reached XP level 11. HP: 60/87 MP: 13/13
  8570 | D:10     | Got a transparent chain mail {god gift}
  8706 | D:10     | Noticed Sonja
  8716 | D:10     | Killed Sonja
  8964 | D:10     | Reached skill level 9 in Fighting
  9109 | D:11     | Reached skill level 5 in Shields
  9231 | D:11     | Found a staircase to the Orcish Mines.
  9231 | D:11     | Noticed Fannar
  9237 | D:11     | Reached ****** piety under Okawaru
  9239 | D:11     | Noticed a harpy
  9239 | D:11     | a black bear changed into a harpy
  9245 | D:11     | Gained mutation: Potions are less effective at restoring
                  | your health. [potion of mutation]
  9245 | D:11     | Gained mutation: Armour fits poorly on your strangely
                  | shaped body. [potion of mutation]
  9245 | D:11     | Gained mutation: You have an unnaturally thin skeletal
                  | structure. (Dex +6, Stealth++) [potion of mutation]
  9246 | D:11     | a harpy changed into a hippogriff
  9248 | D:11     | HP: 3/89 [troll (9)]
  9251 | D:11     | Slain by a troll

Levels and vault maps discovered:
D:1:      minmay_arrival_widening_spiral_wide, layout_loops_corners
D:2:      layout_basic, overflow_temple_1_default, first_ration
D:3:      gammafunk_steamed_eel, layout_loops_ring,
          lemuel_zombie_altar_kikubaaqudgha, nicolae_gozag_zags_fifth_avenue,
          okawaru_metal_pillars_3
D:4:      minmay_opposing_rooms, layout_layer_cave, old_standard_altar,
          tgw_trog, minmay_temple_entry_grid, serial_shops, shop,
          chequers_jeans, corexii_corridor_pit, nrook_campfire
D:5:      layout_loops_ring, cheibriados_altar_1, gup_sewer_entry_glass,
          st_stairs_1, tso_altar
D:6:      layout_loops_ring, uniq_duvessa, uniq_sigmund
D:7:      layout_basic, zin_statuary, the_bakery, uniq_harold
D:8:      layout_basic, lair_entry_dummy, minmay_misc_feat_enclosed
D:9:      layout_basic, kennysheep_generic_room_13
D:10:     layout_roguey, uniq_sonja, uniq_urug
D:11:     layout_rooms, orc_0_dummy, enter_trove_3, ebering_ghost_gozag,
          david_defended_altar_orc, uniq_fannar

Skill      XL: |  1  2  3  4  5  6  7  8  9 10 11 |
---------------+----------------------------------+-----
Armour         | 1 2 3 4 5 6 7 |  7.3
Throwing       | 2 4 5 |  5.0
Axes           | 3 4 5 6 |  6.4
Dodging        | 3 4 5 |  5.0
Fighting       | 3 4 5 6 7 8 9 |  9.5
Stealth        | 1 2 3 4 5 6 |  6.0
Shields        | 2 3 4 5 |  5.2
Invocations    | 2 4 |  4.5
Evocations     | 2 3 |  3.2

Action                   |  1- 3 |  4- 6 |  7- 9 | 10-12 || total
-------------------------+-------+-------+-------+-------++-------
Melee: War axe           |    77 |   168 |   228 |   245 ||   718
       Kick              |       |    21 |    71 |    78 ||   170
Throw: Stone             |       |       |    10 |       ||    10
       Dart              |       |       |    20 |     9 ||    29
       Boomerang         |       |       |    24 |    16 ||    40
  Use: Scroll            |       |     7 |     1 |     2 ||    10
       Potion            |       |       |     1 |     8 ||     9
 Stab: Sleeping          |     2 |     7 |    10 |     1 ||    20
       Distracted        |       |     1 |     2 |     3 ||     6
  Eat: Chunk             |     2 |     7 |    12 |    10 ||    31
Armor: Leather armour    |    21 |    43 |    48 |       ||   112
       Ring mail         |       |       |    34 |    12 ||    46
       Chain mail        |       |       |       |   135 ||   135
Dodge: Dodged            |    55 |   123 |   187 |   117 ||   482
Block: Shield            |       |       |     5 |   154 ||   159
